 Dungeon Crawl Stone Soup version 0.28-a0-909-g796cbd3a86 (webtiles) character file.

Game seed: 3519708677995543385

41 croobank the Insei (level 3, 0/23 HPs)
             Began as an Octopode Transmuter on Nov 24, 2021.
             Slain by Robin (5 damage)
             ... on level 2 of the Dungeon.
             The game lasted 00:05:13 (1393 turns).

croobank the Insei (Octopode Transmuter)            Turns: 1393, Time: 00:05:14

Health: 0/23       AC:  1    Str: 10    XL:     3   Next: 52%
Magic:  4/6        EV: 13    Int: 15    God:
Gold:   34         SH:  0    Dex: 12    Spells: 3/6 levels left

rFire   . . .      SeeInvis .   g - +1 dagger (freeze)
rCold   . . .      Faith    .   (no shield)
rNeg    . . .      Spirit   .   (helmet restricted)
rPois   .          Reflect  .   (no amulet)
rElec   .          Harm     .   (no ring)
rCorr   .          Rampage  .   (no ring)
Will    .....                   (no ring)
Stlth   ++........              (no ring)
HPRegen 0.07/turn               (no ring)
MPRegen 0.10/turn               (no ring)
                                (no ring)
                                (no ring)

@: wereblooded
A: almost no armour, amphibious, 8 rings, camouflage 1, gelatinous body 1,
(nimble swimmer 1), tentacles
a: no special abilities


You were on level 2 of the Dungeon.
You visited 1 branch of the dungeon, and saw 2 of its levels.

You collected 34 gold pieces.

Inventory:

Hand Weapons
 b - a +0 short sword
 e - a +0 hunting sling
 g - a +1 dagger of freezing (weapon)
Missiles
 c - 56 stones
Potions
 a - 2 potions of curing {unknown}
 d - a potion of brilliance {unknown}
 f - a potion of experience {unknown}
 h - a potion of flight {unknown}


   Skills:
 + Level 1.0 Fighting
 + Level 2.4 Dodging
 + Level 0.2 Stealth
 + Level 3.5 Unarmed Combat
 + Level 2.2 Spellcasting
 + Level 2.5 Transmutations


You had 3 spell levels left.
You knew the following spells:

 Your Spells              Type           Power      Damage    Failure   Level
a - Beastly Appendage     Tmut           18%        N/A       8%          1
b - Wereblood             Tmut           9%         N/A       12%         2

Your spell library contained the following spells:

 Spells                   Type           Power      Damage    Failure   Level
 Spider Form              Tmut/Pois      5%         N/A       36%         3
 Ignite Poison            Fire/Tmut/Pois 4%         N/A       41%         3
 Conjure Flame            Conj/Fire      1%         6-21      54%         3
 Ice Form                 Ice/Tmut       5%         N/A       77%         4
 Sticky Flame             Conj/Fire      1%         2d3       91%         4


Dungeon Overview and Level Annotations

Branches:
Dungeon (2/15)

Altars:

Shops:
D:1 ?

Annotations:
D:2 Natasha, Robin


Innate Abilities, Weirdness & Mutations

You cannot wear most types of armour.
You are amphibious.
You can wear up to eight rings at the same time.
Your skin changes colour to match your surroundings (Stealth+).
Your rubbery body absorbs attacks. (AC +1, EV +1)
((You are camouflaged near water. (Stealth+)))
You have tentacles for arms and can constrict up to eight enemies at once.


Message History

A goblin comes into view. It is wielding a +0 dagger.
You hear a shout! x2
Casting: Beastly Appendage (safe; 8% risk of failure)
Confirm with . or Enter, or press ? or * to list all spells.
Your blood is infused with primal strength.
The goblin shouts! x2; You hear a shout!
Robin of the Strong Arm comes into view.
They are wielding a +0 spear.
Natasha casts a spell at you. You resist with significant effort.
A goblin comes into view. It is wielding a +0 club.
A hobgoblin comes into view.
A goblin comes into view. It is wielding a +0 club.
The goblin shouts!
A goblin comes into view. It is wielding a +2 dagger of draining.
Robin roars a battlecry!
The goblins go into a battle-frenzy!
You hear a shout! 2 goblins come into view.
The goblin shouts!
The goblin hits you with a +0 club. The goblin hits you with a +0 dagger.
The hobgoblin shouts!
You hit the goblin. You freeze the goblin.
You feel a bit better.
You kill the goblin!
Natasha completely misses you. The goblin barely misses you.
Robin throws the goblin at you!
You barely miss the goblin. Your grab misses the goblin.
The goblin barely misses you. The goblin hits you with a +0 club.
The goblin misses you. Natasha barely misses you.
You completely miss the goblin. Your grab misses the goblin.
Your squeeze misses the goblin.
You howl as the wereblood boils in your veins!
The goblin hits you with a +0 club. x2
* * * LOW HITPOINT WARNING * * *
Natasha closely misses you. The goblin barely misses you.
You hit the goblin. You freeze the goblin.
You feel a bit better.
You kill the goblin!
The goblin barely misses you. Natasha barely misses you.
The goblin barely misses you.
Robin hits you from afar with a +0 spear.
You die...

#.........#
#.........##
#..........##
#......g....
#.....g...#
#...gggg..#
#..ghggg..# #@# #)#
#########.##
##.>........##
##............##
#.<....†.......###
#..................
#..............####
#..............#


You could see Robin, Natasha, a hobgoblin (strong) and 8 goblins.

Vanquished Creatures
  A dart slug (D:2)
  5 bats (D:1)
  3 endoplasms
  3 giant cockroaches (D:1)
  5 goblins
  4 hobgoblins (D:1)
  3 kobolds (D:1)
  5 quokkas (D:1)
  A ball python (D:1)
  2 frilled lizards
  2 rats (D:1)
34 creatures vanquished.

Notes
Turn   | Place    | Note
-------+----------+-------------------------------------------
     0 | D:1      | croobank the Octopode Transmuter began the quest for the
                  | Orb.
     0 | D:1      | Reached XP level 1. HP: 13/13 MP: 3/3
    23 | D:1      | Found Eleom's Magic Scroll Shop.
   354 | D:1      | Reached XP level 2. HP: 18/18 MP: 3/5
   775 | D:1      | Learned a level 2 spell: Wereblood
   840 | D:1      | Reached XP level 3. HP: 20/23 MP: 6/6
  1385 | D:2      | Noticed Natasha
  1386 | D:2      | Noticed Robin
  1393 | D:2      | Slain by Robin

Illustrated notes

Levels and vault maps discovered:
D:1:      dpeg_arrival_another_circle, layout_rooms, serial_shops, shop
D:2:      layout_rooms, chequers_ecumenical_altar_lobes, serial_shops,
          nicolae_diamond_shop, uniq_natasha, uniq_robin

Action                   || total
-------------------------++-------
Melee: Unarmed           ||    54
       Constrict         ||    22
       Kick              ||    16
       Tentacles         ||    12
       Punch             ||     3
       Dagger            ||    19
 Cast: Beastly Appendage ||    14
       Wereblood         ||     1
  Use: Scroll            ||     1
 Stab: Sleeping          ||     3
Armor: Skin              ||     7
Dodge: Dodged            ||    66

Table legend: (Time is in decaauts)
 A = Elapsed time spent in this place.
 B = Non-inter-level travel time spent in this place.
 C = Inter-level travel time spent in this place.
 D = Time resting spent in this place.
 E = Time spent auto-exploring this place.
 F = Levels seen in this place.
 G = Mean time per level.
                   A        B        C        D        E       F      G
               +--------+--------+--------+--------+--------+-----+--------+
         Total |   1388 |   1351 |     37 |    393 |    707 |   2 |  694.0 |
       Dungeon |   1388 |   1351 |     37 |    393 |    707 |   2 |  694.0 |
               +--------+--------+--------+--------+--------+-----+--------+

Top non-repeatable levels by time:
     D:1: 1359 daAuts
     D:2: 28 daAuts
